IL
COLUMBUS CLIPPERS @ PAWTUCKET RED SOX
05/28/2098
 
TOP OF THE 1ST
Columbus Clippers batting - Pitching for Pawtucket Red Sox : RHP James Spencer
Pitching: RHP James Spencer
Batting: RHB John Walko 0-0: Ball
1-0: Called Strike
1-1: Called Strike
1-2: Ball
2-2: Foul Ball, location: 2F
2-2: Strikes out swinging
Batting: RHB Alex Avelar 0-0: Ball
1-0: Foul Ball, location: 5F
1-1: Ball
2-1: Ball
3-1: Fly out, F7 (Flyball, 7D, EV 98.8 MPH)
Batting: LHB Victor Zavala 0-0: Ball
1-0: Called Strike
1-1: Foul Ball, location: 2F
1-2: Ball
2-2: Strikes out swinging
Top of the 1st over - 0 runs, 0 hits, 0 errors, 0 left on base; Columbus 0 - Pawtucket 0
BOTTOM OF THE 1ST
Pawtucket Red Sox batting - Pitching for Columbus Clippers : RHP Aurélio Anjinho
Pitching: RHP Aurélio Anjinho
Batting: RHB Mike Tremblay 0-0: Ball
1-0: Called Strike
1-1: Foul Ball, location: 2F
1-2: Foul Ball, location: 2F
1-2: Ground out 6-3 (Groundball, 6, EV 104.4 MPH)
Batting: RHB Ryan Rynard 0-0: Ball
1-0: Ball
2-0: Fly out, F7 (Flyball, 78S, EV 93.8 MPH)
Batting: LHB Dan McCartney 0-0: Ball
1-0: Swinging Strike
1-1: Foul Ball, location: 2RF
1-2: Foul Ball, location: 2F
1-2: Ball
2-2: Strikes out swinging
Bottom of the 1st over - 0 runs, 0 hits, 0 errors, 0 left on base; Columbus 0 - Pawtucket 0
TOP OF THE 2ND
Columbus Clippers batting - Pitching for Pawtucket Red Sox : RHP James Spencer
Batting: RHB Bill Meller 0-0: Foul Ball, location: 7LSF
0-1: Swinging Strike
0-2: Ball
1-2: Ball
2-2: Ball
3-2: Base on Balls
Batting: SHB Mario Mendoza 0-0: Swinging Strike
0-1: Swinging Strike
0-2: Ball
1-2: Strikes out swinging
Batting: RHB Chris Hubert 0-0: Ball
1-0: Called Strike
1-1: Ball
2-1: Fielders Choice at 2nd, 4-6 (Groundball, 4MD, EV 110.6 MPH)
Batting: RHB Gregorio Gonzalez 0-0: Ball
1-0: SINGLE (Line Drive, 6D, EV 96.3 MPH)
Chris Hubert to second
Runner from 2nd tries for 3rd, SAFE, no throw by LF
Batting: RHB Bill Foulon 0-0: DOUBLE (Line Drive, 9LM, EV 105.6 MPH)
Chris Hubert scores
Gregorio Gonzalez to third
Batting: RHB Trevor Vallee 0-0: Ball
1-0: Called Strike
1-1: Ball
2-1: Called Strike
2-2: Ball
3-2: Base on Balls
Batting: RHB John Walko 0-0: Called Strike
0-1: Ground out U3 (Groundball, 34S, EV 80.0 MPH)
Top of the 2nd over - 1 run, 2 hits, 0 errors, 3 left on base; Columbus 1 - Pawtucket 0
BOTTOM OF THE 2ND
Pawtucket Red Sox batting - Pitching for Columbus Clippers : RHP Aurélio Anjinho
Batting: LHB Ryan McFall 0-0: Ground out 2-3 (Groundball, 2L, EV 66.3 MPH)
Batting: RHB Alvaro Madera 0-0: Swinging Strike
0-1: Ground out 6-3 (Groundball, 6, EV 76.3 MPH)
Batting: LHB Tony Vargas 0-0: Ball
1-0: Fly out, F5 (Popup, 25F, EV 85.6 MPH)
Bottom of the 2nd over - 0 runs, 0 hits, 0 errors, 0 left on base; Columbus 1 - Pawtucket 0
TOP OF THE 3RD
Columbus Clippers batting - Pitching for Pawtucket Red Sox : RHP James Spencer
Batting: RHB Alex Avelar 0-0: Called Strike
0-1: Foul Ball, location: 5SF
0-2: Foul Ball, location: 5F
0-2: Ball
1-2: Ground out 6-3 (Groundball, 6, EV 81.9 MPH)
Batting: LHB Victor Zavala 0-0: Called Strike
0-1: Called Strike
0-2: Fly out, F7 (Flyball, 7D, EV 88.1 MPH)
Batting: RHB Bill Meller 0-0: Called Strike
0-1: Swinging Strike
0-2: Ground out 6-3 (Groundball, 6, EV 103.8 MPH)
Top of the 3rd over - 0 runs, 0 hits, 0 errors, 0 left on base; Columbus 1 - Pawtucket 0
BOTTOM OF THE 3RD
Pawtucket Red Sox batting - Pitching for Columbus Clippers : RHP Aurélio Anjinho
Batting: RHB Carlos Chaidez 0-0: Fly out, F7 (Flyball, 78M, EV 75.6 MPH)
Batting: RHB Mark Pearson 0-0: Ball
1-0: Ground out 4-3 (Groundball, 4, EV 87.5 MPH)
Batting: LHB Steve Cresci 0-0: Ball
1-0: Foul Ball, location: 3F
1-1: Fly out, F7 (Line Drive, 7, EV 104.4 MPH)
Bottom of the 3rd over - 0 runs, 0 hits, 0 errors, 0 left on base; Columbus 1 - Pawtucket 0
TOP OF THE 4TH
Columbus Clippers batting - Pitching for Pawtucket Red Sox : RHP James Spencer
Batting: SHB Mario Mendoza 0-0: Called Strike
0-1: Ball
1-1: Ball
2-1: Ground out 5-3 (Groundball, 56, EV 80.6 MPH)
Batting: RHB Chris Hubert 0-0: Ball
1-0: Ball
2-0: Ground out 6-3 (Groundball, 6, EV 85.6 MPH)
Batting: RHB Gregorio Gonzalez 0-0: Swinging Strike
0-1: Ball
1-1: Ground out 5-3 (Groundball, 5S, EV 85.0 MPH)
Top of the 4th over - 0 runs, 0 hits, 0 errors, 0 left on base; Columbus 1 - Pawtucket 0
BOTTOM OF THE 4TH
Pawtucket Red Sox batting - Pitching for Columbus Clippers : RHP Aurélio Anjinho
Batting: RHB Mike Tremblay 0-0: Ball
1-0: Ball
2-0: Called Strike
2-1: Called Strike
2-2: Fly out, F9 (Line Drive, 9S, EV 96.3 MPH)
Batting: RHB Ryan Rynard 0-0: Ball
1-0: Ball
2-0: Ball
3-0: Base on Balls
Batting: LHB Dan McCartney 0-0: DOUBLE (Line Drive, 5D, EV 96.3 MPH)
Ryan Rynard to third
Runner from 3rd tries for Home, SAFE, throw by LF to home
Batting: LHB Ryan McFall 0-0: Swinging Strike
Passed Ball!
Dan McCartney to third
0-1: Fly out, F9 (Flyball, 89M, EV 88.8 MPH)
Runner from 3rd tags up, SCORES, throw by RF
Batting: RHB Alvaro Madera 0-0: Ball
1-0: Ball
2-0: SINGLE (Groundball, 34D, EV 94.4 MPH)
Batting: LHB Tony Vargas 0-0: Called Strike
0-1: Foul Ball, location: 23F
0-2: Ball
1-2: SINGLE (Line Drive, 89S, EV 101.9 MPH)
Alvaro Madera to second
Batting: RHB Carlos Chaidez 0-0: Ball
1-0: Foul Ball, location: 23F
1-1: Ball
2-1: Fly out, F7 (Line Drive, 7S, EV 94.4 MPH)
Bottom of the 4th over - 2 runs, 3 hits, 0 errors, 2 left on base; Columbus 1 - Pawtucket 2
TOP OF THE 5TH
Columbus Clippers batting - Pitching for Pawtucket Red Sox : RHP James Spencer
Batting: RHB Bill Foulon 0-0: Called Strike
0-1: Reached on error, E6 (Groundball, 6S, EV 65.6 MPH)
Batting: RHB Trevor Vallee 0-0: SINGLE (Line Drive, 7LS, EV 96.3 MPH)
Bill Foulon to second
Batting: RHB John Walko 0-0: Ball
1-0: Foul Ball, location: 9LSF
1-1: SINGLE (Line Drive, 7S, EV 99.4 MPH)
Bill Foulon to third
Trevor Vallee to second
Runner from 3rd tries for Home, SAFE, throw by LF to home
Batting: RHB Alex Avelar 0-0: Foul Ball, location: 5F
0-1: Ball
1-1: Fielders Choice at 2nd, 6-4 (Groundball, 6, EV 82.5 MPH)
Trevor Vallee to third
Batting: LHB Victor Zavala 0-0: Called Strike
0-1: Ball
1-1: Ball
2-1: Swinging Strike
2-2: Strikes out swinging
Batting: RHB Bill Meller 0-0: Ground out 1-3 (Groundball, 13S, EV 70.0 MPH)
Top of the 5th over - 1 run, 2 hits, 1 error, 2 left on base; Columbus 2 - Pawtucket 2
BOTTOM OF THE 5TH
Pawtucket Red Sox batting - Pitching for Columbus Clippers : RHP Aurélio Anjinho
Batting: RHB Mark Pearson 0-0: Called Strike
0-1: Ball
1-1: Ball
2-1: SINGLE (Groundball, 6M, EV 90.0 MPH)
Batting: LHB Steve Cresci 0-0: Ball
1-0: Called Strike
1-1: Ball
2-1: Called Strike
2-2: Ball
3-2: Foul Ball, location: 7LSF
3-2: Grounds into double play, 5-4-3 (Groundball, 5L, EV 86.3 MPH)
Batting: RHB Mike Tremblay 0-0: Ball
1-0: Bunt for hit to 3S - play at first, batter safe!
Batting: RHB Ryan Rynard 0-0: Ball
Mike Tremblay steals 2nd base
1-0: Swinging Strike
1-1: Called Strike
1-2: Fly out, F8 (Line Drive, 8RD, EV 99.4 MPH)
Bottom of the 5th over - 0 runs, 2 hits, 0 errors, 1 left on base; Columbus 2 - Pawtucket 2
TOP OF THE 6TH
Columbus Clippers batting - Pitching for Pawtucket Red Sox : RHP James Spencer
Batting: SHB Mario Mendoza 0-0: Ball
1-0: SINGLE (Groundball, 6M, EV 85.0 MPH)
Batting: RHB Chris Hubert 0-0: Ball
1-0: Ball
2-0: 2-RUN HOME RUN (Flyball, 7D, EV 96.9 MPH), Distance : 375 ft
Pitching: RHP Juan Cortez
Batting: RHB Gregorio Gonzalez 0-0: Swinging Strike
0-1: Swinging Strike
0-2: Ball
1-2: Strikes out looking
Batting: RHB Bill Foulon 0-0: Ball
1-0: Ball
2-0: Foul Ball, location: 9LMF
2-1: Swinging Strike
2-2: Strikes out swinging
Batting: RHB Trevor Vallee 0-0: Foul Ball, location: 9LDF
0-1: Fly out, F8 (Line Drive, 8LXD, EV 101.9 MPH)
Top of the 6th over - 2 runs, 2 hits, 0 errors, 0 left on base; Columbus 4 - Pawtucket 2
BOTTOM OF THE 6TH
Pawtucket Red Sox batting - Pitching for Columbus Clippers : RHP Aurélio Anjinho
Batting: LHB Dan McCartney 0-0: SINGLE (Line Drive, 8LS, EV 83.8 MPH)
Batting: LHB Ryan McFall 0-0: Foul Ball, location: 3DF
0-1: Ball
1-1: TRIPLE (Line Drive, 89XD, EV 110.0 MPH)
Dan McCartney scores
Batting: RHB Alvaro Madera 0-0: Swinging Strike
0-1: Swinging Strike
0-2: Ball
1-2: Foul Ball, location: 2F
1-2: SINGLE (Groundball, 6D, EV 106.3 MPH)
Ryan McFall scores
Batting: LHB Tony Vargas 0-0: Called Strike
0-1: SINGLE (Line Drive, 7S, EV 106.3 MPH)
Alvaro Madera to second
Batting: RHB Carlos Chaidez 0-0: Ball
1-0: Foul Ball, location: 23F
1-1: Foul Ball, location: 7LMF
1-2: DOUBLE (Flyball, 8RXD, EV 106.3 MPH)
Alvaro Madera scores
Tony Vargas to third
Batting: RHB Mark Pearson 0-0: Called Strike
0-1: Fly out, F6 (Line Drive, 4MD, EV 66.3 MPH)
Lined into DP, U6 (Line Drive, 4MD, EV 66.3 MPH)
Batting: LHB Steve Cresci 0-0: Ball
1-0: Fly out, F9 (Flyball, 9S, EV 80.0 MPH)
Bottom of the 6th over - 3 runs, 5 hits, 0 errors, 1 left on base; Columbus 4 - Pawtucket 5
TOP OF THE 7TH
Columbus Clippers batting - Pitching for Pawtucket Red Sox : RHP Juan Cortez
Batting: RHB John Walko 0-0: Ground out 6-3 (Groundball, 6, EV 80.0 MPH)
Pinch Hitting: LHB Steve Hans 0-0: Swinging Strike
0-1: Ball
1-1: Ball
2-1: Foul Ball, location: 7LMF
2-2: Foul Ball, location: 25F
2-2: Foul Ball, location: 2F
2-2: Strikes out swinging
Batting: LHB Victor Zavala 0-0: Called Strike
0-1: Ball
1-1: Foul Ball, location: 2F
1-2: Foul Ball, location: 2F
1-2: Ground out 4-3 (Groundball, 4, EV 96.9 MPH)
Top of the 7th over - 0 runs, 0 hits, 0 errors, 0 left on base; Columbus 4 - Pawtucket 5
BOTTOM OF THE 7TH
Pawtucket Red Sox batting - Pitching for Columbus Clippers : RHP Aurélio Anjinho
Now at 1B: Steve Hans
Now in LF: Bill Foulon
Batting: RHB Mike Tremblay 0-0: Ball
1-0: Ball
2-0: Called Strike
2-1: Ground out 5-3 (Groundball, 5S, EV 87.5 MPH)
Batting: RHB Ryan Rynard 0-0: Ball
1-0: TRIPLE (Flyball, 89XD, EV 94.4 MPH)
Batting: LHB Dan McCartney 0-0: Intentional Walk
Batting: LHB Ryan McFall 0-0: Ground out 5-3 (Groundball, 56S, EV 80.6 MPH)
Dan McCartney to second
Batting: RHB Alvaro Madera 0-0: Called Strike
0-1: Swinging Strike
0-2: Strikes out swinging
Bottom of the 7th over - 0 runs, 1 hit, 0 errors, 2 left on base; Columbus 4 - Pawtucket 5
TOP OF THE 8TH
Columbus Clippers batting - Pitching for Pawtucket Red Sox : RHP Juan Cortez
Batting: RHB Bill Meller 0-0: Ball
1-0: Called Strike
1-1: Ball
2-1: Foul Ball, location: 5DF
2-2: Strikes out swinging
Batting: SHB Mario Mendoza 0-0: Ball
1-0: Called Strike
1-1: Ball
2-1: Foul Ball, location: 9LDF
2-2: Ball
3-2: Strikes out swinging
Batting: RHB Chris Hubert 0-0: Ball
1-0: Ball
2-0: Called Strike
2-1: Swinging Strike
2-2: Strikes out swinging
Top of the 8th over - 0 runs, 0 hits, 0 errors, 0 left on base; Columbus 4 - Pawtucket 5
BOTTOM OF THE 8TH
Pawtucket Red Sox batting - Pitching for Columbus Clippers : RHP Aurélio Anjinho
Pitching: RHP Seth Jones
Batting: LHB Tony Vargas 0-0: Called Strike
0-1: Ball
1-1: Fly out, F7 (Flyball, 7D, EV 99.4 MPH)
Batting: RHB Carlos Chaidez 0-0: Swinging Strike
0-1: Called Strike
0-2: Fly out, F8 (Line Drive, 8LM, EV 88.8 MPH)
Batting: RHB Mark Pearson 0-0: Called Strike
0-1: Ball
1-1: Ground out 6-3 (Groundball, 6, EV 88.1 MPH)
Bottom of the 8th over - 0 runs, 0 hits, 0 errors, 0 left on base; Columbus 4 - Pawtucket 5
TOP OF THE 9TH
Columbus Clippers batting - Pitching for Pawtucket Red Sox : RHP Juan Cortez
Now at 1B: John Bishop
Batting: RHB Gregorio Gonzalez 0-0: Called Strike
0-1: Ball
1-1: Fly out, F7 (Flyball, 78M, EV 93.8 MPH)
Pinch Hitting: LHB Zachary Moody 0-0: Ball
1-0: Foul Ball, location: 9LMFF
1-1: Fly out, F8 (Flyball, 8RXD, EV 94.4 MPH)
Pinch Hitting: RHB Harrison DeLoach 0-0: Called Strike
0-1: Foul Ball, location: 2RF
0-2: Strikes out swinging
Top of the 9th over - 0 runs, 0 hits, 0 errors, 0 left on base; Columbus 4 - Pawtucket 5
Thursday, April 4th , 2024 - OOTP Baseball 24.11 Build 85